[Event "Krakow Championship-A 2022"]
[Site "Krakow"]
[Date "2022.06.30"]
[Round "7.2"]
[White "Rudolf, Michal"]
[Black "Warakomski, Tomasz"]
[Result "0-1"]
[ECO "B40"]
[WhiteElo "2361"]
[BlackElo "2534"]
[Annotator "TA"]
[PlyCount "72"]
[EventDate "2022.06.25"]
[EventType "swiss"]
[EventCountry "POL"]
[SourceTitle "playchess.com"]
[Source "ChessBase"]
[SourceQuality "1"]
[TimeControl "40/5400+30:1800+30"]

1. e4 c5 2. Nf3 e6 3. c3 Nf6 4. e5 Nd5 5. Bc4 Nb6 6. Bb3 c4 7. Bc2 d6 {[%emt 0:00:05] B22: Sicilian: 2 c3.} 8. d4 cxd3 9. Qxd3 (9. Bxd3 dxe5 10. Nxe5 N8d7 11. Nxd7 (11. Bb5 a6 $11) 11... Bxd7 $11) 9... Nc6 {[%emt 0:00:34] White is slightly better.} 10. exd6 Qxd6 11. O-O (11. Qe2 $14) 11... Qxd3 $11 12. Bxd3 {[%emt 0:00:05] [#]} e5 $146 {[%emt 0:02:24] [#]} ({Predecessor:} 12... Bd7 13. Nbd2 O-O-O 14. Nc4 Nd5 15. Nce5 Nxe5 16. Nxe5 Be8 17. Be4 f6 18. Nf3 Bg6 {½-½ (59) Lin,C (2526)-Zeng,C (2549) China 2016}) 13. Bb5 ({Better is} 13. Nxe5 $1 $11 Nxe5 14. Re1) 13... f6 $1 $15 14. Re1 Kf7 15. Nbd2 Be6 16. a4 a6 17. Bf1 g5 18. a5 (18. Ne4 {seems wilder.} g4 19. Nh4 Na5 20. Be3) 18... Nd5 19. Nc4 Rd8 20. Ne3 Nf4 21. Rd1 Be7 22. g3 (22. Nd2 $1 $15) 22... Rxd1 {[%emt 0:03:51] 0x0.002229c91810dp-1022s more active pieces.} 23. Nxd1 Nh3+ 24. Kh1 (24. Bxh3 $17 Bxh3 25. Be3) 24... Rd8 25. Be3 {[%emt 0:00:59] [#]} Nxa5 $1 26. Bb6 {[%emt 0:03:06] [#]} (26. Bxh3 Bxh3) 26... Rd6 $1 ({Not} 26... Nb3 27. Bxd8 Nxa1 28. Bxe7 Kxe7 29. Nd2 $17) 27. Bxh3 Nb3 28. Bxe6+ Kxe6 ({Inferior is} 28... Rxe6 29. Ra4 Rxb6 30. Rc4) 29. Ra4 (29. Rb1 Rxb6 30. Ne3) 29... Rxd1+ $19 {[%emt 0:01:26] Black is clearly winning.} ({Don't blunder} 29... Rxb6 $2 30. Kg2 $19) 30. Kg2 Rb1 31. h4 h6 32. hxg5 hxg5 33. Ra2 g4 34. Nh2 Nc1 35. Ra4 f5 {[%emt 0:00:11] White must now prevent ...Nd3.} 36. Be3 Nd3 {[%emt 0:01:04] White did not feel at home in the position after the opening.  Weighted Error Value: White=0.33/Black=0.05 (flawless)} 0-1

[Event "Krakow Championship-A 2022"]
[Site "Krakow"]
[Date "2022.06.30"]
[Round "7.3"]
[White "Pechac, Jergus"]
[Black "Klimkowski, Jan"]
[Result "1/2-1/2"]
[ECO "E16"]
[WhiteElo "2597"]
[BlackElo "2401"]
[Annotator "TA"]
[PlyCount "88"]
[EventDate "2022.06.25"]
[EventType "swiss"]
[EventCountry "POL"]
[SourceTitle "playchess.com"]
[Source "ChessBase"]
[SourceQuality "1"]
[TimeControl "40/5400+30:1800+30"]

1. d4 Nf6 2. c4 e6 3. Nf3 Bb4+ 4. Bd2 Qe7 5. g3 Bxd2+ 6. Qxd2 Nc6 {[%emt 0:01:08] E11: Bogo-Indian.} 7. b3 a5 8. Nc3 O-O {[%emt 0:12:23][%cal Oa5a4] White is slightly better.} 9. Bg2 d5 10. O-O Rd8 {[%emt 0:02:24] [#]} 11. Rfc1 $146 ({Predecessor:} 11. Rfd1 Bd7 12. e3 Be8 13. Qb2 h6 14. Rac1 Nb4 15. a3 Na6 16. Ne5 Rac8 17. c5 {0-1 (37) Grischuk,A (2742)-Martinez Alcantara,J (2591) Chess.com INT 2022}) 11... Bd7 12. Qf4 Be8 13. cxd5 Nxd5 14. Nxd5 exd5 15. e3 Rd6 16. Qh4 {[%emt 0:00:49] [#] Hoping for Qxe7.} f6 17. Nd2 Bf7 18. Rc3 Na7 19. e4 Re8 20. Re3 Re6 21. Bh3 (21. Rae1 $5 ) 21... g5 22. Qg4 h5 23. Qe2 g4 24. Bg2 Nc6 25. Re1 (25. Rc1 $11 {remains equal.}) 25... Nxd4 $17 26. Qd3 Qc5 27. exd5 Rxe3 28. Rxe3 (28. fxe3 $2 Nc2 29. Re2 Nxe3 $19) 28... Rxe3 ({But not} 28... Qc1+ 29. Nf1 Qc5 30. Rxe8+ Bxe8 31. Ne3 $11) 29. fxe3 Nc2 $36 {[%emt 0:05:00][%mdl 2048] Black has good play.} ({Of course not} 29... Qc1+ 30. Nf1 Nf3+ 31. Bxf3 gxf3 32. e4 $11) 30. Kf2 (30. d6 $15 cxd6 31. Ne4 Qxe3+ 32. Qxe3 Nxe3 33. Nxd6) 30... Nb4 31. Qc4 Qd6 ({Black should try} 31... Qxc4 $17 32. Nxc4 b6) 32. Ne4 Qe5 {[%emt 0:00:28] ...Qb2+ is the strong threat.} 33. Nc3 (33. Qc3 $15 Nxd5 34. Qxe5 fxe5 35. Nc5) 33... c6 ({Don't play} 33... Nc2 $6 34. Be4 Nb4 35. Qd4 $11) 34. Ke2 {[%emt 0:17:20] [#]} (34. Qd4 $17) 34... Nxd5 (34... Nxa2 $1 $19 35. Nxa2 Qb2+ 36. Kf1 Qxa2) 35. Bxd5 cxd5 $19 {[%emt 0:00:59][%mdl 4096] Endgame KQB-KQN} (35... Bxd5 $17 36. Qd4 b5) 36. Qc5 $15 Qf5 {[%emt 0:02:48] Threatens to win with ...Qc2+. The position is equal.} 37. Kd2 {[%emt 0:01:20] Inhibits Qc2+.} Qf2+ 38. Ne2 Qxh2 39. Qxa5 Kg7 40. Qb4 Qf2 41. Qxb7 h4 42. Qb4 Bh5 {[%emt 0:00:09] aiming for ...h3.} 43. Qe7+ Bf7 44. Qb4 Bh5 {[%emt 0:00:04] Weighted Error Value: White=0.18 (very precise) /Black=0.16 (very precise)} 1/2-1/2

[Event "Krakow Championship-A 2022"]
[Site "Krakow"]
[Date "2022.06.30"]
[Round "7.4"]
[White "Zwardon, Vojtech"]
[Black "Romanishin, Oleg M"]
[Result "1-0"]
[ECO "A20"]
[WhiteElo "2482"]
[BlackElo "2400"]
[Annotator "TA"]
[PlyCount "79"]
[EventDate "2022.06.25"]
[EventType "swiss"]
[EventCountry "POL"]
[SourceTitle "playchess.com"]
[Source "ChessBase"]
[SourceQuality "1"]
[TimeControl "40/5400+30:1800+30"]

1. c4 e5 2. g3 Nf6 3. Bg2 d5 4. cxd5 Nxd5 5. Nf3 Nc6 6. O-O Nb6 7. b3 {[%emt 0:00:03] A20: English Opening: 1...e5.} g6 {[%emt 0:00:27] 7...Be6 gains popularity.} 8. Bb2 Bg7 9. d3 {[%emt 0:02:27] White has an edge.} O-O 10. Nc3 Nd4 11. Nxd4 exd4 12. Ne4 {[%emt 0:00:02] [#]} a5 $146 ({Predecessor:} 12... Re8 13. Rc1 Be6 14. Qd2 Bd5 15. Rc2 Qe7 16. Rfc1 c6 17. Qa5 Qe5 18. Ba3 Bxe4 19. Qxe5 Rxe5 20. Bxe4 {1-0 (49) Perhinig,R (2242)-Huber,M (2344) Graz 2021}) 13. Qc2 c6 14. Ba3 Re8 15. Bc5 Nd7 16. Ba3 Nb6 17. Qb2 Bg4 18. Rfe1 Nc8 19. Rac1 Bf5 20. Nd2 Na7 21. h3 Nb5 22. Bc5 a4 23. Nc4 Be6 24. Nb6 a3 25. Qd2 Ra6 26. Na4 Bd5 27. Bxd5 Qxd5 28. e3 Qd8 29. exd4 Rxe1+ 30. Rxe1 {[%emt 0:00:22] [#] Hoping for Qf4.} Nxd4 ({Reject} 30... Bxd4 31. Qf4 Bxc5 32. Nxc5 $11) 31. Bxd4 Bxd4 32. Qb4 b5 33. Nc5 Ra8 {[%emt 0:00:47] [#] White must now prevent ...Qd6.} 34. Ne4 {[%emt 0:01:19] Against Qd6} Kg7 (34... f5 $17 35. Ng5 Bf6) 35. Rc1 $11 {[%emt 0:00:57] The position is equal.} Bb2 36. Rxc6 Qxd3 {[%emt 0:00:08] aiming for ...Re8.} 37. Qe7 {[%emt 0:00:52] Prevents Re8.} Qd8 38. Qd6 Qxd6 39. Nxd6 Rd8 40. Nxb5 {[%emt 0:03:27][%mdl 32768] Weighted Error Value: White=0.09 (flawless) /Black=0.08 (flawless) . Loss on time!?} 1-0

[Event "Krakow Championship-A 2022"]
[Site "Krakow"]
[Date "2022.06.30"]
[Round "7.5"]
[White "Holtel, Jasper"]
[Black "Leniart, Arkadiusz"]
[Result "1/2-1/2"]
[ECO "A06"]
[WhiteElo "2347"]
[BlackElo "2473"]
[Annotator "TA"]
[PlyCount "100"]
[EventDate "2022.06.25"]
[EventType "swiss"]
[EventCountry "POL"]
[SourceTitle "playchess.com"]
[Source "ChessBase"]
[SourceQuality "1"]
[TimeControl "40/5400+30:1800+30"]

1. Nf3 d5 2. g3 Bg4 3. Bg2 Nd7 4. c4 e6 5. cxd5 exd5 6. O-O Ngf6 7. d3 c6 8. Nc3 Bc5 9. Qb3 Nb6 {[%emt 0:00:15] A11: English Opening: 1...c6.} 10. h3 Bxf3 11. Bxf3 O-O 12. e4 dxe4 13. dxe4 Qe7 {[%emt 0:00:09] [#]} 14. Bf4 $146 ({Predecessor:} 14. Kg2 Rfe8 15. Bf4 Bd6 16. Bxd6 Qxd6 17. Rad1 Qc5 18. Rfe1 g6 19. Re2 Kg7 20. Red2 {½-½ (31) Sacripanti,G (2317)-Hengl,C (2386) ICCF email 2016}) 14... Ne8 15. Na4 Nxa4 16. Qxa4 Nc7 17. Bxc7 Qxc7 18. Kg2 Qe5 19. Qc2 Bd4 20. Rad1 c5 21. b3 Rfe8 22. h4 a6 23. Rfe1 Rad8 24. Bg4 Qc7 25. f4 b5 26. e5 g6 27. h5 Kg7 28. Bf3 {[%emt 0:08:01] Active counter play!} Qa5 29. Re2 Qb4 (29... Qb6 $14) 30. Qe4 {[%emt 0:04:37] [#] And now Qc6 would win.} Qa5 31. Qb7 {[%emt 0:01:21] Inhibits Qb6.} Rb8 32. Qd7 ({White should play} 32. Qa7 {[%cal Oh5h6] aiming for h6+!} Rbc8 33. h6+ Kf8 34. b4) 32... Qd8 $16 33. Qh3 Qc8 {[%emt 0:01:03] Prevents f5.} 34. Qh2 Rb6 {[%emt 0:03:28] [#]} (34... a5 $16 {was called for.}) 35. Rh1 $2 ({White must play} 35. b4 $1 $18) 35... g5 $1 $14 36. h6+ Kh8 {[%emt 0:01:51] The position is equal.} 37. fxg5 Rg6 38. Qh4 {[%emt 0:00:28] Qf4 is the strong threat.} Qd8 39. Qf4 Qxg5 40. Qxg5 Rxg5 41. Rh5 Rxh5 42. Bxh5 $11 {[%emt 0:00:11][%mdl 4096] Endgame KRB-KRB} Kg8 43. Bg4 Rxe5 44. Rxe5 Bxe5 {[%emt 0:15:40] KB-KB} 45. Bc8 a5 46. Ba6 b4 47. Kf3 Bd6 48. Kg4 Bf8 49. Kh5 Bd6 50. g4 f6 {[%emt 0:01:27] Black escapes into a draw.  Weighted Error Value: White=0.14 (very precise) /Black=0.12 (very precise)} 1/2-1/2

[Event "Krakow Championship-A 2022"]
[Site "Krakow"]
[Date "2022.06.30"]
[Round "7.6"]
[White "Danielyan, Vahe"]
[Black "Agdestein, Simen"]
[Result "0-1"]
[ECO "B03"]
[WhiteElo "2324"]
[BlackElo "2559"]
[Annotator "TA"]
[PlyCount "120"]
[EventDate "2022.06.25"]
[EventType "swiss"]
[EventCountry "POL"]
[SourceTitle "playchess.com"]
[Source "ChessBase"]
[SourceQuality "1"]
[TimeControl "40/5400+30:1800+30"]

1. e4 Nf6 2. e5 Nd5 3. d4 d6 4. c4 Nb6 5. f4 Bf5 6. Nc3 e6 7. Be3 dxe5 8. fxe5 Bb4 9. Nf3 {[%emt 0:02:25] Inhibits Qh4+. B03: Alekhine's Defence: Four Pawns Attack.} O-O 10. Be2 Nc6 ({Better is} 10... c5 $11) 11. O-O $14 {[%emt 0:00:08] White is slightly better.} Na5 12. Nd2 (12. c5 $14 Bxc3 13. bxc3) 12... Qd7 (12... c5 $11 13. d5 (13. dxc5 Nd7 $11) 13... Bg6) 13. Rc1 (13. Qc1 $14) 13... Rad8 $11 {[%emt 0:03:08] [#]} 14. h4 $146 {Hoping for g4.} ({Predecessor:} 14. Qe1 h6 15. Qh4 Nc6 16. Nb3 Qe7 17. Qg3 Bg6 18. Rcd1 Kh8 19. Bf4 Bxc3 20. bxc3 {1-0 (32) Llorente Alvarez,J (2100)-Duchene,K (1890) LSS email 2012}) 14... f6 (14... h6 $11) 15. exf6 $16 gxf6 16. g4 Qg7 17. Rf2 (17. Kh1 $16 Bg6 18. a3 Bxc3 19. Rxc3 (19. bxc3 c5 $14)) 17... Bg6 (17... c5 $1 $11 18. d5 (18. dxc5 $2 Naxc4 19. Nxc4 Rxd1+ 20. Rxd1 Nxc4 $19) 18... exd5 $1 19. Rxf5 d4) 18. a3 $14 Be7 ({Black should play} 18... Bxc3 19. Rxc3 (19. bxc3 e5 $11) 19... Nc6) 19. Rg2 (19. c5 $1 $16 ) 19... c5 $11 20. d5 exd5 21. cxd5 Nxd5 22. Nxd5 Rxd5 23. Qa4 b6 24. b4 Be8 $36 {[%emt 0:04:21][%mdl 2048] Black has good play.} 25. Bb5 Bxb5 26. Qxb5 Nb7 (26... Re5 27. Bf4 Nb7 28. Bxe5 fxe5 29. g5 $16) 27. Qc6 Re5 28. Bf4 Nd8 29. Qf3 Re6 30. Ne4 cxb4 (30... Nc6 $15) 31. axb4 Kh8 32. Rc7 f5 $2 (32... Qg6 $11 33. Ng3 Bxb4) 33. Ng5 $2 (33. gxf5 $1 $18 Qd4+ 34. Be3 Qxe4 35. Qxe4 Rxe4 36. Rxe7 $1 Rxe3 37. Rxe3) 33... Re1+ 34. Kh2 {[%emt 0:01:12] gxf5 is the strong threat.} Qd4 {[%emt 0:00:31] White must now prevent ...fxg4.} 35. Bg3 fxg4 36. Qb3 ({White should try} 36. Qc3 $1 $15 Qxc3 37. Rxc3) 36... Rff1 $17 37. Bxe1 Rxe1 {[%emt 0:00:05] Dancing on a razor blade.} (37... Bxg5 $2 38. hxg5 Rxe1 39. Qb2 Qxb2 40. Rxb2 $18) 38. Rxe7 (38. Rd7 $17 {was the only defense.} Bd6+ 39. Rxd6 Qxd6+ 40. Qg3 Qxg3+ 41. Kxg3) 38... Rxe7 $19 39. Qg3 h5 (39... Qxb4 $2 40. Qxg4 Qxg4 41. Rxg4 $19) 40. Rf2 Kg7 (40... Re3 41. Qc7 g3+ 42. Kg2 Qd5+ 43. Rf3 Qd2+ 44. Kxg3 Qe1+ 45. Kf4 Rxf3+ 46. Kxf3 Qd1+ 47. Ke4 Qg4+ 48. Ke3 Qg1+ 49. Ke4 (49. Ke2 Qg4+ 50. Ke3 Qg1+ 51. Ke4 Qg4+ 52. Ke3 $11) 49... Qg4+ 50. Ke3 Qg1+ 51. Ke4 (51. Ke2 Qg4+ 52. Ke3 $11) 51... Qg4+ $11) 41. b5 Qe5 42. Qxe5+ Rxe5 {[%emt 0:01:25][%mdl 4096] Endgame KRN-KRN} 43. Rd2 {[%emt 0:00:00] [#]} Ne6 {[%emt 0:00:22] Black is clearly winning.} 44. Nxe6+ Rxe6 {[%emt 0:00:06] KR-KR} 45. Rd7+ Kf6 46. Rxa7 Re5 47. Rh7 Kg6 48. Rh8 Rxb5 49. Rg8+ Kf6 50. Rh8 Ke7 51. Rh6 Kd7 {[%emt 0:01:22] Strongly threatening ...Kc7.} 52. Kg3 Kc7 {[%emt 0:00:09] And now ...Rf5 would win.} 53. Kf4 {[%emt 0:00:00] Against Rf5+} Kb7 54. Rg6 Ka6 55. Rg5 Rc5 56. Ke3 Ka5 57. Kd3 Ka4 ({Less strong is} 57... Rxg5 58. hxg5 h4 59. Ke3 $18 (59. g6 h3 $11)) 58. Ke3 Ka3 59. Kd3 Kb3 60. Ke3 Kc4 {[%emt 0:02:04] Black used his chance.  Weighted Error Value: White=0.63/Black=0.30} ({Not} 60... Rxg5 61. hxg5 g3 62. g6 $18) 0-1

[Event "Krakow Championship-A 2022"]
[Site "Krakow"]
[Date "2022.06.30"]
[Round "7.7"]
[White "Rozentalis, Eduardas"]
[Black "Jacobsen, Mikkel Manosri"]
[Result "1-0"]
[ECO "B10"]
[WhiteElo "2523"]
[BlackElo "2251"]
[Annotator "TA"]
[PlyCount "55"]
[EventDate "2022.06.25"]
[EventType "swiss"]
[EventCountry "POL"]
[SourceTitle "playchess.com"]
[Source "ChessBase"]
[SourceQuality "1"]
[TimeControl "40/5400+30:1800+30"]

1. e4 c6 2. d3 d5 3. Nd2 e5 4. Ngf3 Bd6 5. g3 Nf6 6. Bg2 O-O 7. O-O Nbd7 8. Nh4 {[%emt 0:06:40] 8.b3 gains popularity.} Re8 9. h3 {[%emt 0:06:48] B10: Caro-Kann: 2 d3 and 2 c4.} Bf8 10. Nb3 dxe4 11. dxe4 {[%emt 0:00:27] [#] The position is equal.} Nb6 $146 ({Predecessor:} 11... Nc5 12. Qxd8 Rxd8 13. Bg5 Be6 14. Rfe1 h6 15. Bxf6 gxf6 16. Rad1 Nxb3 17. axb3 Bc5 18. Nf5 Bxf5 19. exf5 Kf8 20. Kf1 Ke7 21. Ke2 Rxd1 22. Rxd1 Rd8 23. Rxd8 Kxd8 {½-½ (23) Savic,M (2420)-Ratkovic,M (2437) Arandjelovac 2021}) 12. Qf3 Be6 13. Rd1 Nfd7 14. Nf5 Qc7 15. Nd2 a5 16. Nf1 a4 17. g4 Nc5 18. N1g3 f6 19. Nh5 Qf7 20. Be3 {[%emt 0:04:00] [#] aiming for Bxc5.} Nbd7 21. Nd6 Bxd6 22. Rxd6 Bxa2 $2 {[%emt 0:03:46] This costs Black the game.} ({Black should play} 22... Na6 $14) 23. Bxc5 $18 Nxc5 24. Qa3 $1 Nxe4 25. Bxe4 Bd5 26. Qd3 Bxe4 27. Qxe4 Ra5 (27... Qf8 {might work better.}) 28. Rad1 {[%emt 0:02:03] Weighted Error Value: White=0.07 (flawless) /Black=0.47} 1-0

[Event "Krakow Championship-A 2022"]
[Site "Krakow"]
[Date "2022.06.30"]
[Round "7.8"]
[White "Murphy, Conor E"]
[Black "Piekielny, Pawel"]
[Result "1/2-1/2"]
[ECO "B10"]
[WhiteElo "2395"]
[BlackElo "2230"]
[Annotator "TA"]
[PlyCount "109"]
[EventDate "2022.06.25"]
[EventType "swiss"]
[EventCountry "POL"]
[SourceTitle "playchess.com"]
[Source "ChessBase"]
[SourceQuality "1"]
[TimeControl "40/5400+30:1800+30"]

1. e4 c6 2. Nf3 d5 3. d3 dxe4 4. dxe4 Qxd1+ 5. Kxd1 Bg4 6. Ke1 {[%emt 0:07:56] [#] B10: Caro-Kann: 2 d3 and 2 c4.} Bxf3 $146 ({Predecessor:} 6... e6 7. Bg5 f6 8. Bf4 Nd7 9. Nc3 O-O-O 10. Bd3 Nc5 11. Bc4 Bxf3 12. gxf3 g5 {0-1 (25) Baluta,M-Petroff,V Chess.com INT 2020}) 7. gxf3 g6 8. Nd2 Bh6 9. a4 Nd7 10. Nc4 Bxc1 11. Rxc1 Ngf6 12. Kd2 Nb6 13. Ke3 Nxc4+ 14. Bxc4 a5 15. f4 e6 16. h4 Ke7 17. Be2 h5 18. Rhg1 Rad8 19. Rg5 Ra8 20. Rd1 b6 21. Rd3 Rhd8 22. Rb3 Rab8 23. f5 (23. Rg1 $11 {should be considered.}) 23... gxf5 $1 $15 24. exf5 e5 25. Rd3 {[%emt 0:06:35] Inhibits Rd4.} Rxd3+ (25... Nd5+ {feels hotter.} 26. Ke4 b5 27. f6+ Nxf6+ 28. Kxe5 Rd5+) 26. Bxd3 {[%emt 0:01:16][%mdl 4096] Endgame KRB-KRN} Rd8 {[%emt 0:00:23] And now ...Rd4 would win.} 27. c3 {[%emt 0:02:50] Inhibits Rd4.} Nd5+ 28. Ke4 $1 Nf4 (28... Kf6 $5 ) 29. f6+ $1 {[%emt 0:00:59] The position is equal.} Kxf6 30. Bc4 Ne6 31. Rf5+ ({Much worse is} 31. Rxe5 Nc5+ 32. Kf4 Nxa4 33. Rxh5 Kg7 $11) 31... Ke7 32. Rxe5 Rd2 33. f4 {[%emt 0:01:17] [#] Black must now prevent f5.} Kf6 34. b3 Rc2 35. Rf5+ Kg6 36. Re5 Kf6 37. Rxh5 Rxc3 38. Rf5+ Ke7 39. Re5 {[%emt 0:00:48] [#] Threatens to win with f5.} Kf6 40. Rf5+ Ke7 41. Re5 {[%emt 0:15:53] Strongly threatening f5.} Kf6 42. Rh5 Kg6 43. Rh8 Nc5+ 44. Kd4 Rf3 45. h5+ Kg7 46. Rc8 Nxb3+ 47. Ke5 Re3+ 48. Kd6 Nd4 49. Rc7 b5 50. Bxf7 {[%emt 0:01:40] aiming for Bg6+.} Nf5+ 51. Kc5 Re7 52. Rxe7 Nxe7 53. Bb3 bxa4 54. Bxa4 Nd5 55. Bxc6 {[%emt 0:02:02] Weighted Error Value: White=0.03 (flawless) /Black=0.02 (flawless)} 1/2-1/2

[Event "Krakow Championship-A 2022"]
[Site "Krakow"]
[Date "2022.06.30"]
[Round "7.9"]
[White "Nurkiewicz, Maciej"]
[Black "Skytte, Rasmus"]
[Result "0-1"]
[ECO "B90"]
[WhiteElo "2332"]
[BlackElo "2357"]
[Annotator "TA"]
[PlyCount "67"]
[EventDate "2022.06.25"]
[EventType "swiss"]
[EventCountry "POL"]
[SourceTitle "playchess.com"]
[Source "ChessBase"]
[SourceQuality "1"]
[TimeControl "40/5400+30:1800+30"]

1. e4 c5 2. Nf3 d6 3. d4 cxd4 4. Nxd4 Nf6 5. Nc3 a6 6. Be3 e5 7. Nb3 Be7 8. f3 Be6 9. Qd2 h5 10. O-O-O Nbd7 11. f4 {[%emt 0:17:01] B90: Sicilian Najdorf: Unusual White 6th moves, 6 Be3 Ng4 and 6 Be3 e5.} b5 12. Kb1 O-O {[%emt 0:08:14] [#] has lost popularity (12...Qc7).} 13. h3 $146 {[%emt 0:05:46][%cal Og2g4] The position is equal.} ({Predecessor:} 13. f5 Bc4 14. h3 h4 15. g4 hxg3 16. Rg1 Nh5 17. Bxc4 bxc4 18. Nc1 Re8 19. N1e2 {½-½ (46) Winkler,T (2619)-Ruemmele,M (2538) ICCF email 2007}) 13... b4 14. Nd5 Nxe4 15. Nxe7+ Qxe7 16. Qxb4 Ng3 {[%emt 0:05:04] Pair of Knights!} 17. Rg1 Nf5 18. Bf2 a5 $36 {[%emt 0:04:42][%mdl 2048] Black fights for an advantage.} 19. Qa4 e4 {[%emt 0:16:50] Strongly threatening ...e3.} 20. g4 Bxb3 (20... e3 $11 {keeps the balance.} 21. gxf5 exf2) 21. axb3 $16 (21. Qxb3 e3 22. gxf5 exf2 $11) 21... e3 22. gxf5 exf2 23. Rg5 (23. Rg2 $1 $16) 23... Nf6 $11 {[%emt 0:01:54] Hoping for ...Qa7.} 24. Qd4 ({Better is} 24. Rg2 $1 $14) 24... Rfb8 $1 $15 (24... Qe1 25. Qxf6 $1 (25. Rg2 Kh7 $16) 25... Qxd1+ 26. Ka2 g6 27. fxg6 $1) 25. Qxf2 a4 $1 (25... Ne4 $2 26. Qe3 Re8 27. Rg2 $16 (27. Rxh5 a4 $16)) 26. Re1 {[%emt 0:04:36] [#]} Qc7 27. Bc4 {[%emt 0:03:17][%mdl 8192] Now White is beyond hope.} (27. Qg3 $17 axb3 28. cxb3 (28. Rxg7+ Kh8 $17)) 27... axb3 $19 28. cxb3 {[%emt 0:00:39] Black must now prevent Qg3.} d5 (28... Qa5 29. Reg1 (29. Kc2 $2 Kf8 $19) 29... d5 30. Rxg7+ Kf8 31. Qd4 $11) 29. Bd3 Qa5 {[%emt 0:00:07] ( -> ...Rc8)} 30. Qg3 Qa2+ {[%emt 0:00:40] Black mates.} 31. Kc1 Rc8+ 32. Bc4 dxc4 33. Rxg7+ Kh8 34. Qg5 {[%emt 0:00:44] Weighted Error Value: White=0.99/Black=0.06 (flawless)} 0-1

[Event "Krakow Championship-A 2022"]
[Site "Krakow"]
[Date "2022.06.30"]
[Round "7.10"]
[White "Kozak, Antoni"]
[Black "Marszalek, Maciej"]
[Result "1-0"]
[ECO "E71"]
[WhiteElo "2459"]
[BlackElo "2290"]
[Annotator "TA"]
[PlyCount "69"]
[EventDate "2022.06.25"]
[EventType "swiss"]
[EventCountry "POL"]
[SourceTitle "playchess.com"]
[Source "ChessBase"]
[SourceQuality "1"]
[TimeControl "40/5400+30:1800+30"]

1. d4 Nf6 2. c4 g6 3. Nc3 Bg7 4. e4 d6 5. h3 O-O 6. Be3 e5 7. d5 a5 8. g4 {E71: King's Indian: 4 e4 d6 5 h3.} Na6 9. Qd2 Nc5 10. f3 {[%emt 0:11:23] White is slightly better.} c6 11. h4 cxd5 12. cxd5 a4 13. h5 Qa5 14. Nge2 (14. h6 $16 Bh8 15. Nh3) 14... b5 $14 15. Ng3 {[%emt 0:01:15] [#]} b4 $146 (15... Ba6 $11 {keeps the balance.}) ({Predecessor:} 15... Bxg4 16. fxg4 b4 17. Bxc5 bxc3 18. Qxc3 Qxc3+ 19. bxc3 dxc5 20. h6 Bh8 21. g5 Ne8 {1-0 (32) Rost,D (2467)-Kurylo,R (2344) ICCF email 2018}) 16. Nd1 (16. Nb5 $16) 16... b3 (16... Bxg4 $1 $14 17. Bxc5 (17. fxg4 Nfxe4 18. Nxe4 Nxe4 $14) 17... Bxf3 18. Bxb4 Qb6) 17. a3 Qxd2+ 18. Kxd2 Nfd7 19. Nc3 Ba6 (19... Bf6 $142) 20. Nb5 $16 Nb7 21. Rc1 Bf6 22. Rc7 Nb8 23. Na7 Nc5 24. Nc6 (24. Bxc5 $18 dxc5 25. Bxa6 Bg5+ 26. Kd3 Nxa6 27. Rb7) 24... Bxf1 25. Rxf1 Nba6 {[%emt 0:00:38] [#]} 26. Ra7 {[%emt 0:00:17] White is much more active.} Rxa7 27. Nxa7 Bh4 28. Rg1 Nd7 (28... Nb7 $16 {might work better.}) 29. Nc6 Nac5 30. Bh6 {[%emt 0:00:37][%cal Og3f5] Strongly threatening Nf5!} Ra8 $2 {[%emt 0:00:49][%mdl 8192] [#] This move loses the game for Black.} (30... Bxg3 $16 31. Rxg3 (31. Ne7+ Kh8 $16) 31... Re8) 31. Nf5 $1 $18 Bd8 (31... gxf5 $2 32. gxf5+ Kh8 33. Bg7+ Kg8 34. Bxe5+ Kf8 35. Bxd6+ Ke8 36. Rg8+ Nf8 37. Bxc5) (31... Bf6 32. g5) 32. Nxd6 f6 33. Be3 Bc7 34. Nb5 Bb6 35. Ke2 {[%emt 0:01:17] Weighted Error Value: White=0.14 (very precise) /Black=0.34} 1-0

[Event "Krakow Championship-A 2022"]
[Site "Krakow"]
[Date "2022.06.30"]
[Round "7.11"]
[White "Paszewski, Mateusz"]
[Black "Seemann, Jakub"]
[Result "1/2-1/2"]
[ECO "A06"]
[WhiteElo "2286"]
[BlackElo "2363"]
[Annotator "TA"]
[PlyCount "71"]
[EventDate "2022.06.25"]
[EventType "swiss"]
[EventCountry "POL"]
[SourceTitle "playchess.com"]
[Source "ChessBase"]
[SourceQuality "1"]
[TimeControl "40/5400+30:1800+30"]

1. Nf3 d5 2. e3 g6 3. c4 c6 4. Nc3 Bg7 5. d4 Nf6 6. Be2 O-O 7. O-O Nbd7 8. cxd5 Nxd5 9. Nxd5 cxd5 10. Qb3 Nb8 {[%emt 0:06:53] D94: Grünfeld: 4 Nf3 Bg7 5 e3.} 11. Bd2 Nc6 12. Rfc1 Qd6 {[%emt 0:08:21] [#] White is slightly better.} 13. Qb5 $146 ({Predecessor:} 13. h3 Rd8 14. Rd1 b6 15. Rac1 Bb7 16. Be1 Rac8 17. Qa4 Rc7 18. Rc2 Rdc8 19. Rdc1 {½-½ (35) Jasny,S (2268)-Hrivnak,D (2238) Moravia 2002}) 13... Rd8 {[%emt 0:05:37] The position is equal.} 14. Qc5 Qxc5 15. Rxc5 e6 16. a3 Bf8 17. Rc2 Bd7 18. Rac1 a6 19. Ne1 Na7 20. Ba5 Rdb8 21. Bc7 Re8 22. Bb6 Nc8 23. Bc5 Bg7 24. b3 b6 25. Bb4 a5 26. Bd2 a4 27. bxa4 Bxa4 28. Rb2 Bf8 29. Bb4 Nd6 30. Bxd6 Bxd6 31. Rxb6 Bxa3 {[%emt 0:00:14] This bishop pair is nice.} 32. Ra1 Bf8 33. Bb5 Bxb5 34. Rxa8 Rxa8 35. Rxb5 Ra1 {[%emt 0:00:04][%cal Ra1e1] [#]} 36. Kf1 {[%emt 0:00:02] Weighted Error Value: White=0.04 (flawless) /Black=0.02 (flawless)} 1/2-1/2